 Dungeon Crawl Stone Soup version 0.29.0-5-ge4962eb29e (console) character file.

Game seed: 16886094671110652528

95 odiv the Slasher (level 4, -1/38 HPs)
             Began as a Demonspawn Wanderer on Aug 28, 2022.
             Was a Priest of Jiyva.
             Slain by an iguana (12 damage)
             ... on level 3 of the Dungeon.
             The game lasted 00:05:17 (2142 turns).

odiv the Slasher (Demonspawn Wanderer)              Turns: 2142, Time: 00:05:17

Health: -1/38      AC:  5    Str: 14 (16) XL:     4   Next: 39%
Magic:  4/4        EV: 12    Int:  9 (11) God:    Jiyva [***...]
Gold:   128        SH:  0    Dex: 10 (13) Spells: 3/3 levels left

rFire   . . .      SeeInvis .   a - +1 long sword
rCold   . . .      Faith    .   (no shield)
rNeg    . . .      Spirit   .   p - +0 ring mail
rPois   .          Reflect  .   (no helmet)
rElec   .          Harm     .   (no cloak)
rCorr   +          Rampage  .   (no gloves)
Will    .....                   (no boots)
Stlth   ..........              (no amulet)
HPRegen 1.24/turn               (no ring)
MPRegen 0.44/turn               (no ring)

@: no status effects
A: claws 2, repulsion field 1, tendrils
a: Renounce Religion, Oozemancy


You were on level 3 of the Dungeon.
You worshipped Jiyva.
Jiyva was most pleased with you.
You visited 1 branch of the dungeon, and saw 4 of its levels.

You collected 128 gold pieces.

Inventory:

Hand Weapons
 a - a +1 long sword (weapon)
 b - a +0 hand axe
Missiles
 e - a boomerang (quivered)
 f - 4 atropa-tipped darts
 i - 15 stones
Armour
 d - a +0 leather armour
 p - a +0 ring mail (worn)
Scrolls
 g - 2 scrolls of fog {unknown}
 h - a scroll of noise {unknown}
 j - 2 scrolls of enchant weapon {unknown}
 m - a scroll of brand weapon {unknown}
 n - a scroll of identify {unknown}
Potions
 c - a potion of attraction


   Skills:
 + Level 4.6 Fighting
 + Level 5.1 Long Blades
 - Level 1.0 Axes
 - Level 1.0 Dodging


You had 3 spell levels left.
You didn't know any spells.
Your spell library contained the following spells:

 Spells                   Type           Power      Damage    Failure   Level
 Dazzling Flash           Conj/Hex       0%         N/A       94%         3
 Iskenderun's Mystic Bla  Conj/Tloc      0%         2d3       100%        4
 Starburst                Conj/Fire      0%         6d3       100%        6


Dungeon Overview and Level Annotations

Branches:
Dungeon (4/15)
 Temple: D:4-7

Altars:
Jiyva


Innate Abilities, Weirdness & Mutations

You have very sharp fingernails.
You are surrounded by a mild repulsion field. (EV +2)
You are covered in slimy tendrils that may disarm your opponents.


Message History

Done exploring.
There is a stone staircase leading down here.
You climb downwards.
The iguana hisses angrily.
Found a scroll labelled MINIMAE ANARIPS.
There is a stone staircase leading up here.
You hit the iguana but do no damage. The iguana bites you!
You barely miss the iguana. The iguana barely misses you.
You hit the iguana but do no damage. The iguana bites you!
You closely miss the iguana. The iguana closely misses you.
There is a stone staircase leading up here.
The iguana closely misses you.
You climb upwards.
There is a stone staircase leading down here.
You hit the iguana.
The iguana is moderately wounded.
The iguana bites you! The iguana attacks as you move away!
The iguana bites you!
* * * LOW HITPOINT WARNING * * *
Okay, then.
It was a potion of mutation.
You feel extremely strange.
You feel less strong-willed. x2; You no longer feel strong-willed.
Your fingernails sharpen.
The iguana closely misses you.
It was a potion of degeneration.
There was something very wrong with that liquid.
You feel weakened.
You feel dopey.
You feel clumsy. The iguana bites you.
It was a potion of curing.
You feel better. The iguana barely misses you.
You hit the iguana.
The iguana is severely wounded.
The iguana bites you!
You barely miss the iguana.
The iguana is severely wounded.
The iguana misses you. The iguana bites you!
* * * LOW HITPOINT WARNING * * *
You hit the iguana but do no damage.
The iguana is severely wounded.
The iguana bites you!
You die...

#.# #...........######## #.#.
#.###.##.######.# #.#.
#.....##.# ####.## #.#.
########.# #.....############.#.
#########.#
#....................
..........#
#.............####.##
#############.......#####.# #.#
........# #.#.l..........####.#
#######.#####.>#@##.###.#......#
#.............##.###.#####
###.............## ##.#
#.####.##.####.###.## #.# #.##.#
##.#.## #.# #.##.######..# #.#
#............# #########.#
####.######.## ..........#
#.######.#


You could see an iguana.

Vanquished Creatures
  An orc wizard (D:3)
  3 adders
  A dart slug (D:3)
  4 orcs (D:3)
  2 ball pythons (D:1)
  4 bats
  An endoplasm (D:1)
  5 giant cockroaches
  4 hobgoblins
  2 jackals (D:2)
  2 quokkas (D:2)
  3 frilled lizards
  9 goblins
  A kobold (D:1)
  2 rats
44 creatures vanquished.

Vanquished Creatures (others)
  2 jellies (D:3)
  An orc priest (D:3)
  4 gnolls (D:3)
  3 adders (D:3)
  3 orcs (D:3)
  4 ball pythons
  3 endoplasms
  2 giant cockroaches (D:1)
  A goblin (D:3)
  A hobgoblin (D:3)
  A bat (D:3)
  A frilled lizard (D:1)
  2 kobolds
28 creatures vanquished.

Grand Total: 72 creatures vanquished

Notes
Turn   | Place    | Note
-------+----------+-------------------------------------------
     0 | D:1      | odiv the Demonspawn Wanderer began the quest for the Orb.
     0 | D:1      | odiv set off with the following items: a +1 long sword, a
                  | +0 hand axe, a potion of attraction, a +0 leather armour.
     0 | D:1      | Reached XP level 1. HP: 18/18 MP: 1/1
   393 | D:1      | Gained mutation: You are surrounded by a mild repulsion
                  | field. (EV +2) [demonic ancestry]
   393 | D:1      | Reached XP level 2. HP: 24/24 MP: 2/2
   440 | D:1      | Found a faded altar of an unknown god.
   451 | D:1      | Prayed at the altar of an unknown god.
   451 | D:1      | Became a worshipper of Jiyva Juapsire the Shapeless
   451 | D:1      | Reached * piety under Jiyva
   847 | D:2      | Reached XP level 3. HP: 28/30 MP: 3/3
   879 | D:2      | Reached ** piety under Jiyva
  1582 | D:3      | Gained mutation: You have sharp fingernails. [demonic
                  | ancestry]
  1582 | D:3      | Reached XP level 4. HP: 38/38 MP: 4/4
  1665 | D:3      | Reached skill level 5 in Long Blades
  1812 | D:3      | Reached *** piety under Jiyva
  1842 | D:3      | Gained mutation: You are covered in slimy tendrils that may
                  | disarm your opponents. [Jiyva's grace]
  1842 | D:3      | Gained mutation: You are strong-willed. (Will+) [Jiyva's
                  | grace]
  1842 | D:3      | Gained mutation: You are highly strong-willed. (Will++)
                  | [Jiyva's grace]
  1842 | D:3      | Gained mutation: You are extremely strong-willed. (Will+++)
                  | [Jiyva's grace]
  2137 | D:3      | Lost mutation: You are extremely strong-willed. (Will+++)
                  | [potion of mutation]
  2137 | D:3      | Lost mutation: You are highly strong-willed. (Will++)
                  | [potion of mutation]
  2137 | D:3      | Lost mutation: You are strong-willed. (Will+) [potion of
                  | mutation]
  2137 | D:3      | Gained mutation: You have very sharp fingernails. [potion
                  | of mutation]
  2142 | D:3      | Slain by an iguana

Illustrated notes

Levels and vault maps discovered:
D:1:      nzn_arrival_water_spiral, layout_loops_ring, basic_ecumenical_altar,
          minmay_worlds_worst_comb
D:2:      layout_rooms, kennysheep_doodads, amcnicky_mini_corridor_feature,
          kennysheep_pointless_box
D:3:      layout_loops_ring
D:4:      layout_basic, ashenzari_altar_1, nicolae_overflow_hidden_temple

Skill      XL: |  1  2  3  4 |
---------------+-------------+-----
Fighting       | 4 |  4.6
Long Blades    | 5 |  5.1
Axes           | |  1.0
Dodging        | |  1.0

Action                   |  1- 3 |  4- 6 || total
-------------------------+-------+-------++-------
Melee: Long sword        |    78 |    49 ||   127
       Punch             |       |     1 ||     1
Throw: Stone             |     5 |       ||     5
       Boomerang         |    24 |       ||    24
  Use: Potion            |       |     3 ||     3
 Stab: Sleeping          |     1 |       ||     1
Armor: Leather armour    |    15 |     1 ||    16
       Ring mail         |       |    12 ||    12
Dodge: Dodged            |    48 |    33 ||    81
